 Dungeon Crawl Stone Soup version 0.24.0-37-gcf1ca852f1 (webtiles) character file.

Game seed: 1585251549413661360, levelgen mode: deterministic

65896 PentaManta the Peltast (level 15, -2/86 HPs)
             Began as a Gargoyle Monk on Dec 1, 2019.
             Was the Champion of Okawaru.
             Slain by a sun demon (14 damage)
             ... summoned by an orc sorcerer
             ... while paralysed by an orc sorcerer
             ... on level 2 of the Orcish Mines.
             The game lasted 01:41:39 (20843 turns).

PentaManta the Peltast (Gargoyle Monk)             Turns: 20843, Time: 01:41:40

Health: -2/86      AC: 17    Str: 28    XL:     15   Next: 18%
Magic:  0/20       EV:  2    Int: 18    God:    Okawaru [******]
Gold:   1884       SH:  0    Dex: 12    Spells: 14/14 levels left

rFire    . . .     SeeInvis .   H - +5 flail (venom)
rCold    . . .     Gourm    .   n - +1 shield
rNeg     + . .     Faith    +   N - +4 moon troll leather armour {Spirit, Regen++ MP+5}
rPois    ∞         Spirit   +   x - +1 helmet {Int+3}
rElec    +         Reflect  .   D - scarf {repulsion}
rCorr    .         Harm     .   Z - +2 pair of gloves of Hospitality {Int+4}
MR       +....                  X - +0 pair of boots {run}
Stlth    ++........             s - amulet of faith
HPRegen  1.04/turn              y - +4 ring of strength
MPRegen  0.17/turn              K - +3 ring of strength

@: paralysed, corroded, slowed, lightly drained, repel missiles, quick
A: big wings, negative energy resistance 1, electricity resistance, unbreathing,
petrification resistance, rot immunity, AC +11
a: Fly, Heroism, Finesse, Renounce Religion


You were on level 2 of the Orcish Mines.
You worshipped Okawaru.
Okawaru was exalted by your worship.
You were very hungry.

You visited 4 branches of the dungeon, and saw 19 of its levels.
You also visited: Gauntlet and Ice Cave.

You collected 2087 gold pieces.
You spent 203 gold pieces at shops.

Inventory:

Hand Weapons
 z - a +1 whip of flaming
 H - a +5 flail of venom (weapon)
 Q - a +4 mace of holy wrath
 R - a +3 great mace of holy wrath
 V - a +5 morningstar
Armour
 e - the +1 pair of boots "Ogapanet" {rC+ Slay+3}
   (Okawaru gifted it to you on level 10 of the Dungeon)

   It affects your accuracy and damage with ranged weapons and melee attacks
   (+3).
   It protects you from cold.
 f - a +1 cloak of invisibility
 n - a +1 shield (worn)
 o - a +1 scale mail of cold resistance
 t - a +4 chain mail of magic resistance
 x - a +1 helmet of intelligence (worn)
 D - a scarf of repulsion (worn)
 E - +0 acid dragon scales
 G - the +2 ring mail of Hysteria {rN++}
   (You took it off a minotaur in a Gauntlet)

   It greatly protects you from negative energy.
 J - a +2 plate armour of fire resistance
 N - the +4 moon troll leather armour (worn) {Spirit, Regen++ MP+5}
   (You found it in an ice cave)

   It affects your magic capacity (+5).
   It increases your rate of regeneration.
 W - the +18 shield of the Gong {rElec rN+ MR+ EV-5}
   (You took it off a minotaur in a Gauntlet)

   It affects your evasion (-5).
   It insulates you from electricity.
   It protects you from negative energy.
   It affects your resistance to hostile enchantments.
 X - a +0 pair of boots of running (worn)
 Z - the +2 pair of gloves of Hospitality (worn) {Int+4}
   (You found it in a Gauntlet)

   It affects your intelligence (+4).
Jewellery
 a - an uncursed amulet of guardian spirit
 s - an amulet of faith (around neck)
 y - a +4 ring of strength (left hand)
 K - a +3 ring of strength (right hand)
 U - an uncursed ring of fire
Wands
 w - a wand of iceblast (38)
 C - a wand of flame (10)
 F - a wand of acid (7)
 L - a wand of polymorph (33)
 M - a wand of paralysis (3)
Scrolls
 b - 4 scrolls of teleportation
 d - 2 scrolls of enchant armour
 g - 2 scrolls of magic mapping
 i - 3 scrolls of amnesia
 j - 7 scrolls of enchant weapon
 q - 5 scrolls of remove curse
 A - a scroll of blinking
Potions
 h - 2 potions of curing
 k - 6 potions of haste
 l - 7 potions of flight
 m - a potion of lignification
 r - 4 potions of agility
 u - 2 potions of ambrosia
 v - 2 potions of berserk rage
 B - a potion of mutation
 I - a potion of resistance
 P - 2 potions of might
 S - a potion of magic
Miscellaneous
 p - a lightning rod (4/4)
 O - a phantom mirror
Comestibles
 c - 32 rations


   Skills:
 + Level 7.2(7.0) Fighting
 + Level 14.0(13.7) Maces & Flails
 + Level 14.6(14.3) Armour
 * Level 6.5(6.2) Dodging
 - Level 2.1(1.9) Stealth
 - Level 15.8(15.5) Shields


You had 14 spell levels left.
You didn't know any spells.
Your spell library contained the following spells:

 Spells                   Type           Power        Failure   Level  Hunger
 Animate Skeleton         Necr           N/A          24%         1    ##.....
 Apportation              Tloc           #.....       24%         1    ##.....
 Confusing Touch          Hex            #.....       24%         1    ##.....
 Freeze                   Ice            #...         24%         1    ##.....
 Infusion                 Chrm           #...         24%         1    ##.....
 Summon Small Mammal      Summ           #...         24%         1    ##.....
 Call Imp                 Summ           #.......     34%         2    ###....
 Poisonous Vapours        Pois/Air       #.....       34%         2    ###....
 Swiftness                Chrm/Air       #.......     34%         2    ###....
 Call Canine Familiar     Summ           #.......     56%         3    ####...
 Confuse                  Hex            #.......     56%         3    ####...
 Gell's Gravitas          Tloc           #.........   56%         3    ####...
 Regeneration             Chrm/Necr      #.........   56%         3    ####...
 Summon Guardian Golem    Hex/Summ       #.......     56%         3    ####...
 Petrify                  Tmut/Erth      #.......     93%         4    #####..
 Summon Ice Beast         Ice/Summ       #.......     93%         4    #####..
 Summon Lightning Spire   Summ/Air       #.......     93%         4    #####..
 Bolt of Magma            Conj/Fire/Erth #.........   100%        5    ######.
 Metabolic Englaciation   Hex/Ice        #.........   100%        5    ######.
 Yara's Violent Unravell  Hex/Tmut       #.........   100%        5    ######.
 Simulacrum               Ice/Necr       #.........   100%        6    #######
 Shatter                  Erth           #.........   100%        9    #######


Dungeon Overview and Level Annotations

Branches:
Dungeon (15/15)            Temple (1/1) D:5            Lair (0/6) D:11
    Orc (2/2) D:10            Elf (1/3) Orc:2        Vaults (0/5) D:13
 Depths (0/5) D:15          IceCv (visited)         Gauntlet (visited)

Altars:
Cheibriados
Elyvilon
Fedhas
Gozag
Kikubaaqudgha
Makhleb
Nemelex Xobeh
Okawaru
Qazlal
Ru
Sif Muna
Trog
Uskayaw
Vehumet
Wu Jian
Xom
Yredelemnul
The Shining One

Shops:
D:11 *   D:12 :   Orc:2 *!

Annotations:
D:14 1 exclusion
Orc:1 2 transporters, Pafaun's ghost, journeyman TeCj


Innate Abilities, Weirdness & Mutations

You are resistant to torment.
Your stone body is resilient. (AC +11)
You are immune to poison.
Your large and strong wings let you fly indefinitely.
You resist negative energy. (rN+)
You are resistant to electric shocks. (rElec)
You can survive without breathing.
You are immune to petrification.
You are immune to rotting.


Message History

You are engulfed in flames!
The chaos spawn gores you.
You feel yourself slow down. The hellwing hits you.
The hellwing completely misses you.
The orc knight roars a battlecry!
The orc sorcerers go into a battle-frenzy!
The orc sorcerer hits you but does no damage.
The orc sorcerer gestures at you while chanting.
The bolt of negative energy hits you. You partially resist.
You feel drained.
The sun demon hits you but does no damage.
The chaos spawn gores you!
* * * LOW HITPOINT WARNING * * *
You are engulfed in flames!
* * * LOW HITPOINT WARNING * * *
The hellwing hits you but does no damage.
The hellwing hits you!
* * * LOW HITPOINT WARNING * * *
You hear a roar!
The orc sorcerer hits you but does no damage.
The sun demon hits you!
You die...

..............###.........###....
.[[..........###...#.#.#...###...
.[..........###)[)..........###..
..)........###).#.#.....#.#..###.
....)....[###).##5...#....##..###
.........###[.###55.###...###..##
....))[)###).###355## ##...###..#
........##..###oo3## ##...###..
.........).###34@## ##...###.
..........###.o4## ##.).###
......>..###)#.## ##)#)##
........###.).## ##)..#
.........###.#.# #.#.##
..........###o4o# #...###
...........###.o4# #...# ##
............###33o# #...# #.
.............###55o# #...# ##


You could see an orc knight, a sun demon, a hellwing, 2 ynoxinuls, a chaos
spawn, 2 orc sorcerers and 5 ufetubi.

Vanquished Creatures
  Jorgrun (D:15)
  A fire giant (D:15)
  Nessos (D:15)
  A minotaur (Gauntlet)
  A dire elephant (Gauntlet)
  An ettin (Orc:1)
  3 hydras
  4 vault guards (D:13)
  6 centaur warriors
  Erica (D:11)
  4 two-headed ogres
  2 orc high priests
  Sonja (Orc:1)
  4 unseen horrors
  A deep elf archer (D:14)
  Pikel (D:4)
  5 orc knights
  A necromancer (IceCv)
  An ugly thing (D:11)
  3 orc sorcerers
  2 manticores
  3 cyclopes
  A deep elf mage (D:13)
  The ghost of diiiiiane the Covert, a novice OpAs (D:6)
  Psyche (D:8)
  An elephant (Gauntlet)
  A rust devil (Orc:2)
  3 ice statues (IceCv)
  A gargoyle (D:10)
  A freezing wraith (D:14)
  6 ice devils (IceCv)
  4 kobold demonologists
  2 hellwings (Orc:2)
  A red devil (Orc:2)
  7 trolls
  6 hornets
  A polar bear (shapeshifter) (D:14)
  A slime creature (D:8)
  6 hippogriffs
  A meliai zombie (D:14)
  4 wyverns
  4 shadows
  13 yaks
  5 flying skulls (Gauntlet)
  A basilisk (D:14)
  2 wraiths (D:15)
  2 chaos spawn (Orc:2)
  5 hungry ghosts
  2 vampire mosquitoes (D:11)
  5 wargs
  Edmund (D:6)
  Menkaure (D:6)
  3 swamp worms (Gauntlet)
  4 acid dragons
  4 water moccasins
  A soldier ant (D:14)
  37 orc warriors
  2 ice beasts
  3 sky beasts
  2 phantoms
  An eye of draining (D:15)
  A hornet zombie (D:15)
  A black bear (D:8)
  A necrophage (D:10)
  3 wolves (D:11)
  14 ogres
  12 centaurs
  A crocodile (D:11)
  9 big kobolds
  10 bullfrogs
  6 gnoll sergeants
  A water moccasin zombie (D:7)
  6 scorpions
  12 killer bees
  5 howler monkeys
  3 electric eels (D:11)
  19 wights
  11 crimson imps
  A bullfrog zombie (D:10)
  10 centaur zombies
  A draconian simulacrum (IceCv)
  10 hounds
  21 orc priests
  2 bullfrog skeletons
  7 centaur skeletons
  8 jellies
  24 orc wizards
  Jessica (D:2)
  Ijyb (D:4)
  7 iguanas
  A spriggan simulacrum (IceCv)
  10 worker ants
  Terence (D:2)
  4 troll simulacra (IceCv)
  3 centaur simulacra (IceCv)
  A hound skeleton (D:5)
  Robin (D:4)
  A howler monkey skeleton (D:8)
  A worker ant zombie (D:10)
  8 gnolls
  14 adders
  An ogre simulacrum (IceCv)
  3 shadow imps
  A worm (D:2)
  A dart slug (D:1)
  3 leopard geckos
  95 orcs
  5 giant cockroaches
  12 goblins
  11 hobgoblins
  7 jackals
  7 quokkas
  A ball python (D:6)
  8 bats
  6 frilled lizards
  A jackal skeleton (D:8)
  28 kobolds
  10 kobold skeletons (D:9)
  8 kobold zombies (D:9)
  A leopard gecko zombie (D:7)
  A quokka skeleton (D:4)
  A quokka zombie (D:5)
  6 rats
665 creatures vanquished.

Vanquished Creatures (others)
  A wolf (D:11)
  A fungus (Gauntlet)
  13 plants (Gauntlet)
15 creatures vanquished.

Grand Total: 680 creatures vanquished

Notes
Turn   | Place    | Note
-------+----------+-------------------------------------------
     0 | D:1      | PentaManta the Gargoyle Monk began the quest for the Orb.
     0 | D:1      | Reached XP level 1. HP: 14/14 MP: 1/1
   353 | D:1      | Reached XP level 2. HP: 13/19 MP: 2/2
   928 | D:2      | Reached XP level 3. HP: 23/24 MP: 3/3
  1141 | D:2      | Found a radiant altar of Vehumet.
  1174 | D:2      | Found an ancient bone altar of Kikubaaqudgha.
  1175 | D:2      | Noticed Jessica
  1184 | D:2      | Killed Jessica
  1184 | D:2      | Reached XP level 4. HP: 27/29 MP: 4/4
  1266 | D:2      | Noticed Terence
  1291 | D:2      | Killed Terence
  1314 | D:2      | Reached skill level 1 in Armour
  1370 | D:2      | Reached XP level 5. HP: 13/34 MP: 5/5
  1459 | D:2      | Found a blossoming altar of Fedhas.
  1605 | D:2      | Found a burning altar of Makhleb.
  2518 | D:4      | Noticed Ijyb
  2550 | D:4      | Killed Ijyb
  2756 | D:5      | Entered Level 5 of the Dungeon
  2818 | D:4      | Noticed Robin
  2860 | D:4      | Killed Robin
  2860 | D:4      | Reached XP level 6. HP: 31/40 MP: 6/6
  2982 | D:4      | Noticed a slave
  2982 | D:4      | Noticed a slave
  2983 | D:4      | Noticed Pikel
  2983 | D:4      | Noticed a slave
  2983 | D:4      | Noticed a slave
  3056 | D:5      | Reached skill level 5 in Fighting
  3383 | D:4      | Killed Pikel
  3383 | D:4      | Reached skill level 5 in Armour
  3383 | D:4      | Reached XP level 7. HP: 21/44 MP: 7/7
  3782 | D:5      | Reached XP level 8. HP: 44/49 MP: 8/8
  4061 | D:4      | Found a bloodstained altar of Trog.
  4062 | D:4      | Found a shimmering blue altar of Sif Muna.
  4283 | D:5      | Found a staircase to the Ecumenical Temple.
  4298 | Temple   | Entered the Ecumenical Temple
  4347 | Temple   | Became a worshipper of Warmaster Okawaru
  4347 | Temple   | Reached * piety under Okawaru
  4347 | Temple   | Reached ** piety under Okawaru
  4590 | D:5      | Found a white marble altar of Elyvilon.
  4925 | D:5      | Got a dazzling hat
  4936 | D:5      | Identified the +2 hat "Moiwket" {rPois} (You found it on
                  | level 5 of the Dungeon)
  5010 | D:5      | Found a faded altar of an unknown god.
  5010 | D:5      | Found a blossoming altar of Fedhas.
  5025 | D:5      | Found a shimmering altar of Xom.
  5027 | D:5      | Found a sparkling altar of Nemelex Xobeh.
  5029 | D:5      | Found a basalt altar of Yredelemnul.
  5283 | D:6      | Found a runed translucent gate.
  5283 | D:6      | Found a runed translucent gate.
  5283 | D:6      | Found a runed translucent gate.
  5284 | D:6      | Found an opulent altar of Gozag.
  5285 | D:6      | Noticed a kobold demonologist
  5285 | D:6      | Noticed diiiiiane's ghost (novice OpAs)
  5358 | D:6      | Noticed Menkaure
  5371 | D:6      | Killed Menkaure
  5883 | D:6      | Noticed Edmund
  5895 | D:6      | Killed Edmund
  5895 | D:6      | Reached *** piety under Okawaru
  6166 | D:7      | Reached XP level 9. HP: 54/54 MP: 9/9
  6387 | D:7      | Found a snail-covered altar of Cheibriados.
  6435 | D:7      | Reached skill level 1 in Shields
  6512 | D:7      | Reached skill level 2 in Shields
  6540 | D:7      | Reached **** piety under Okawaru
  6540 | D:7      | Reached skill level 3 in Shields
  6904 | D:7      | Reached skill level 4 in Shields
  6960 | D:7      | Paralysed by fainting for 10 turns
  7085 | D:8      | Reached skill level 5 in Shields
  7098 | D:8      | Reached XP level 10. HP: 50/59 MP: 10/10
  7148 | D:8      | Noticed a two-headed ogre
  7162 | D:8      | Reached skill level 6 in Shields
  7180 | D:8      | Noticed a kobold demonologist
  7183 | D:8      | Killed a two-headed ogre
  7183 | D:8      | Reached ***** piety under Okawaru
  7187 | D:8      | Reached skill level 7 in Shields
  7395 | D:8      | Killed a kobold demonologist
  7440 | D:8      | Noticed Psyche
  7449 | D:8      | Killed Psyche
  7449 | D:8      | Reached skill level 10 in Maces & Flails
  7449 | D:8      | Reached skill level 10 in Armour
  7475 | D:8      | Reached skill level 8 in Shields
  7627 | D:8      | Received a gift from Okawaru
  7931 | D:8      | Reached XP level 11. HP: 63/63 MP: 11/11
  7955 | D:8      | Reached skill level 9 in Shields
  8290 | D:9      | Found a sacrificial altar of Ru.
  8892 | D:9      | Found an ancient bone altar of Kikubaaqudgha.
  9147 | D:10     | Entered Level 10 of the Dungeon
  9200 | D:10     | Received a gift from Okawaru
  9200 | D:10     | Reached skill level 10 in Shields
  9214 | D:10     | Got a pair of shimmering boots {god gift}
  9232 | D:10     | Identified the +1 pair of boots "Ogapanet" {rC+ Slay+3}
                  | (Okawaru gifted it to you on level 10 of the Dungeon)
  9700 | D:10     | Found a staircase to the Orcish Mines.
  9731 | D:10     | Reached skill level 11 in Shields
  9937 | D:11     | Found a frozen archway.
  9951 | D:11     | Reached XP level 12. HP: 51/68 MP: 12/12
  9980 | IceCv    | Entered an ice cave
 10128 | IceCv    | Reached ****** piety under Okawaru
 10834 | IceCv    | Received a gift from Okawaru
 10834 | IceCv    | Reached skill level 12 in Shields
 11124 | IceCv    | Found the +4 moon troll leather armour {Spirit, Regen++
                  | MP+5}
 11159 | IceCv    | Got a polished scythe
 11166 | IceCv    | Identified the +4 scythe of the Penguin {freeze, rElec rC+}
                  | (You found it in an ice cave)
 11357 | D:11     | Found a staircase to the Lair.
 11597 | D:11     | Noticed a two-headed ogre
 11608 | D:11     | Killed a two-headed ogre
 11747 | D:11     | Found Jiures's General Store.
 11750 | D:11     | Bought a potion of curing for 36 gold pieces
 11963 | D:11     | Noticed Erica
 11974 | D:11     | Killed Erica
 12172 | D:12     | Reached skill level 13 in Shields
 12317 | D:12     | Found Qamu's Book Emporium.
 12681 | D:12     | Received a gift from Okawaru
 13049 | D:13     | Reached XP level 13. HP: 69/72 MP: 13/13
 13347 | D:13     | Found a gate to the Vaults.
 13347 | D:13     | Noticed a vault guard
 13347 | D:13     | Noticed a vault guard
 13347 | D:13     | Noticed a vault guard
 13347 | D:13     | Noticed a vault guard
 13388 | D:13     | Killed a vault guard
 13395 | D:13     | Killed a vault guard
 13429 | D:13     | Killed a vault guard
 13445 | D:13     | Got a brightly glowing robe
 13490 | D:13     | Reached skill level 14 in Shields
 13516 | D:13     | Killed a vault guard
 13892 | D:14     | Received a gift from Okawaru
 13916 | D:14     | Found a gate leading to a gauntlet.
 13989 | Gauntlet | Entered a Gauntlet
 13989 | Gauntlet | Found a transporter.
 13998 | Gauntlet | Found a transporter.
 14013 | Gauntlet | Found a transporter.
 14017 | Gauntlet | Found a large runed translucent door.
 14017 | Gauntlet | Found a large runed translucent door.
 14017 | Gauntlet | Found a large runed translucent door.
 14017 | Gauntlet | Found a large runed translucent door.
 14018 | Gauntlet | Found a runed translucent door.
 14019 | Gauntlet | Found a transporter.
 14020 | Gauntlet | Found a runed translucent door.
 14021 | Gauntlet | Found a large runed translucent door.
 14021 | Gauntlet | Found a large runed translucent door.
 14022 | Gauntlet | Found a large runed translucent door.
 14022 | Gauntlet | Found a large runed translucent door.
 14022 | Gauntlet | Found a large runed translucent door.
 14023 | Gauntlet | Found a large runed translucent door.
 14028 | Gauntlet | Found a large runed translucent door.
 14028 | Gauntlet | Found a large runed translucent door.
 14029 | Gauntlet | Found a large runed translucent door.
 14029 | Gauntlet | Found a large runed translucent door.
 14029 | Gauntlet | Found a large runed translucent door.
 14029 | Gauntlet | Found a large runed translucent door.
 14033 | Gauntlet | Found a runed translucent gate.
 14033 | Gauntlet | Found a runed translucent gate.
 14033 | Gauntlet | Found a runed translucent gate.
 14035 | Gauntlet | Found a transporter.
 14054 | Gauntlet | Found a transporter.
 14054 | Gauntlet | Noticed an entropy weaver
 14066 | Gauntlet | Found a transporter.
 14076 | Gauntlet | Noticed a death ooze
 14078 | Gauntlet | Found a transporter.
 14090 | Gauntlet | Found a transporter.
 14090 | Gauntlet | Noticed a dire elephant
 14102 | Gauntlet | Found a transporter.
 14120 | Gauntlet | Found a transporter.
 14138 | Gauntlet | Found a transporter.
 14140 | Gauntlet | Found a transporter.
 14165 | Gauntlet | Found a transporter.
 14167 | Gauntlet | Found a transporter.
 14187 | Gauntlet | Found a transporter.
 14265 | Gauntlet | Found a transporter.
 14285 | Gauntlet | Found a transporter.
 14454 | Gauntlet | Received a gift from Okawaru
 14552 | Gauntlet | Identified the +2 robe of Kuom {rF+} (You found it on level
                  | 13 of the Dungeon)
 14611 | Gauntlet | Killed a dire elephant
 14624 | Gauntlet | Got a pair of faintly humming gloves
 14636 | Gauntlet | Identified the +2 pair of gloves of Hospitality {Int+4}
                  | (You found it in a Gauntlet)
 14715 | Gauntlet | Identified the +2 ring mail of Hysteria {rN++}
 14715 | Gauntlet | Noticed a minotaur
 14750 | Gauntlet | Killed a minotaur
 14750 | Gauntlet | Reached skill level 15 in Shields
 14781 | Gauntlet | Identified Falupentyu's Disquisition on Assistive Poison
 14784 | Gauntlet | Identified the Papyrus of Ashen Cold
 14808 | Gauntlet | Got a wizard robe
 14821 | Gauntlet | Identified the +2 robe "Pamuisie" {*Drain rPois rN+} (You
                  | found it in a Gauntlet)
 15111 | D:14     | Gained mutation: Your large and strong wings let you fly
                  | indefinitely. [Gargoyle growth]
 15111 | D:14     | Reached XP level 14. HP: 78/78 MP: 14/14
 15211 | D:14     | Found a basalt altar of Yredelemnul.
 15227 | D:14     | Found a bloodstained altar of Trog.
 15821 | D:15     | Entered Level 15 of the Dungeon
 16024 | D:15     | Found a staircase to the Depths.
 16024 | D:15     | Noticed a fire giant
 16051 | D:15     | Received a gift from Okawaru
 16152 | D:15     | Noticed Jorgrun
 16214 | D:15     | Killed Jorgrun
 16718 | D:15     | Killed a fire giant
 16750 | D:15     | Noticed Nessos
 17127 | D:15     | Killed Nessos
 17332 | D:15     | Found a staircase to the Depths.
 18005 | D:6      | Killed diiiiiane's ghost
 18218 | Orc:1    | Entered Level 1 of the Orcish Mines
 18317 | D:10     | Received a gift from Okawaru
 18337 | D:10     | Identified a +0 pair of boots of running (Okawaru gifted it
                  | to you on level 10 of the Dungeon)
 18394 | Orc:1    | Reached skill level 5 in Dodging
 18526 | Orc:1    | Found a transporter.
 18527 | Orc:1    | Noticed Pafaun's ghost (journeyman TeCj)
 18536 | Orc:1    | Found a transporter.
 18923 | Orc:2    | Entered Level 2 of the Orcish Mines
 18996 | Orc:1    | Paralysed by an orc sorcerer for 7 turns
 19153 | Orc:1    | Noticed Sonja
 19206 | Orc:1    | Killed Sonja
 19743 | Orc:2    | Found a staircase to the Elven Halls.
 19766 | Orc:2    | Reached XP level 15. HP: 65/85 MP: 13/15
 20034 | Orc:2    | Found Nenoblah's General Store.
 20035 | Orc:2    | Found Lantox's Distillery.
 20068 | Elf:1    | Entered Level 1 of the Elven Halls
 20266 | Orc:2    | Received a gift from Okawaru
 20280 | Orc:2    | Got a polished scale mail {god gift}
 20314 | Orc:2    | Identified the +4 scale mail "Gitahiv" {Regen+ Stlth+}
                  | (Okawaru gifted it to you on level 2 of the Orcish Mines)
 20499 | Orc:2    | Bought a scroll of teleportation for 39 gold pieces
 20501 | Orc:2    | Bought a potion of invisibility for 128 gold pieces
 20568 | Orc:2    | Paralysed by an orc sorcerer for 6 turns
 20610 | Orc:2    | HP: 2/86 [smoke demon/divine providence (15)]
 20841 | Orc:2    | Paralysed by an orc sorcerer for 4 turns
 20843 | Orc:2    | Slain by a sun demon

Levels and vault maps discovered:
D:1:      shiori_arrival_maze, layout_rooms
D:2:      layout_basic, makhleb_grotto_becter, old_standard_altar,
          lemuel_crystal_altar, minmay_hexomino_r4, uniq_crazy_yiuf_cottage,
          uniq_jessica, uniq_terence
D:3:      layout_basic
D:4:      layout_cave_pods, gammafunk_temple_overflow_statue, uniq_robin,
          uniq_pikel, uniq_ijyb
D:5:      layout_loops_cross, chequers_temple_overflow_minitemple,
          elyvilon_altar_4, minmay_temple_entry_wispy, first_ration
D:6:      layout_basic, ebering_ghost_gozag, uniq_menkaure, uniq_edmund
D:7:      minmay_s_stair_smasher, layout_basic, kennysheep_little_box,
          minmay_chambers_of_fives
D:8:      cheibrodos_ideogram_h, layout_loops_ring, hangedman_pestilent_swarm,
          uniq_psyche
D:9:      wander_kiku_kobolds, layout_loops_cross,
          nicolae_ru_sacrificial_ziggurat, gammafunk_ghost_hydra_chop
D:10:     layout_rooms, kennysheep_orc_monster_closet_entryway
D:11:     layout_basic, erik_lair_island, serial_shops, shop_statue,
          portal_ice_cave_entry_pillars_1, uniq_erica
D:12:     layout_rooms, serial_co_window_serial, co_window_cross_1,
          co_window_paths_a, co_window_of_opportunity_a, co_window_corner_a,
          co_window_corner_a, co_window_of_opportunity_c, co_window_paths_c,
          co_window_of_opportunity_b, co_window_corner_ca, co_window_sun,
          serial_shops, shop, hangedman_decor_riveting
D:13:     layout_irregular_city, lightli_vaults_fourway_checkpoint,
          kennysheep_generic_room_3
D:14:     minmay_open_boxes_in_corner, layout_cave_pools, basic_altar,
          yredelemnul_altar_generic, gauntlet_entry_generic,
          lightli_corner_chamber
D:15:     grunt_enter_depths_giant_problem, layout_basic,
          hangedman_abyss_or_decor_stabs, minmay_misc_feat_pillars, uniq_nessos,
          uniq_jorgrun
Temple:   jpeg_temple_alley_garden
Orc:1:    nicolae_orc_accident_1, layout_caves, gammafunk_ghost_smash,
          guppyfry_library_mini, uniq_sonja
Orc:2:    pf_orc_diabolical, layout_caves
Elf:1:    eino_elf_arrival_shootout, layout_loops_cross, minivault_28, drop_trap

Skill      XL: |  1  2  3  4  5  6  7  8  9 10 11 12 13 14 15 |
---------------+----------------------------------------------+-----
Fighting       | 4 5 6 7 |  7.2
Dodging        | 3 5 6 |  6.5
Armour         | 1 2 5 7 9 10 11 12 13 14 | 14.6
Maces & Flails | 4 6 8 9 10 11 12 13 14 | 14.0
Shields        | 5 8 11 13 15 | 15.8
Stealth        | |  2.1

Action                   |  1- 3 |  4- 6 |  7- 9 | 10-12 | 13-15 || total
-------------------------+-------+-------+-------+-------+-------++-------
Melee: Mace              |    19 |       |       |     4 |    99 ||   122
       Dagger            |    76 |   284 |    57 |       |       ||   417
       Flail             |       |     6 |   279 |   835 |  1041 ||  2161
       Club              |       |     8 |       |       |       ||     8
       Whip              |       |       |    77 |   217 |       ||   294
       Punch             |       |       |       |     1 |       ||     1
       Morningstar       |       |       |       |       |   121 ||   121
Invok: Heroism           |       |       |       |     7 |     9 ||    16
       Finesse           |       |       |       |       |     3 ||     3
 Abil: Evoke Flight      |       |       |       |     2 |       ||     2
       Evoke Invisibilit |       |       |       |       |     3 ||     3
Evoke: Wand              |       |     1 |       |       |     5 ||     6
  Use: Scroll            |     2 |     3 |     5 |    17 |    12 ||    39
       Potion            |       |       |       |       |    12 ||    12
 Stab: Sleeping          |     1 |     1 |       |     1 |     1 ||     4
       Invisible         |       |       |       |       |     9 ||     9
       Paralysed         |       |       |       |       |     3 ||     3
  Eat: Chunk             |       |     7 |    13 |    13 |    20 ||    53
       Ration            |       |       |     2 |     3 |     2 ||     7
Armor: Robe              |    11 |       |       |       |       ||    11
       Ring mail         |    27 |    37 |       |    59 |       ||   123
       Scale mail        |       |   164 |   265 |   225 |       ||   654
       Troll leather arm |       |       |       |   127 |   549 ||   676
Dodge: Dodged            |    44 |   196 |   233 |   446 |   513 ||  1432
       Deflected         |       |       |       |    14 |    17 ||    31
Block: Buckler           |       |       |     7 |   113 |       ||   120
       Shield            |       |       |       |   207 |  1075 ||  1282
